AoeStats
← the shy

Black Forest

504705923Analyzed
4v4 RM · 26d ago on Sep 6, 2026· 17m 12s· 8 players
Game mode
Random Map
Map size
Large (8 player)
Population
200
Speed
Normal
Resources
Standard
Victory
Conquest
Starting age
Dark Age
Ending age
Imperial Age
RankedLock teamsTeams togetherTeam positionsShared explorationLock speedFull tech treeHidden civsTurbo modeCheats
Victory
Defeat
1726
+12
🇮🇹 Shu · Italy
1697
+13
🇨🇭 Saracens · Switzerland
1657
+14
🇳🇱 Hindustanis · Netherlands
1534
+20
1678
-17
🇻🇳 Byzantines · Vietnam
1660
-16
🇨🇳 Burgundians · China
1572
-13
🇨🇳 Celts · China
1572
-13
the shy
9:53 Feudal Age
14:24 Castle Age
12:39 Double-Bit Axe
15:12 Loom
15:46 Scale Mail Armor
17:11 Wheelbarrow
经典不变的回忆 | memory
11:21 Feudal Age
11:56 Double-Bit Axe
14:55 Castle Age
13:01 Horse Collar
16:00 Bow Saw
15:52 Heavy Plow
ZiZi
0:57 Loom
17:06 Feudal Age
Moon
5:08 Loom
6:18 Double-Bit Axe
11:00 Feudal Age
15:10 Horse Collar
MLT | El Campeador di Melito
12:01 Feudal Age
15:36 Castle Age
15:01 Double-Bit Axe
17:15 Bow Saw
17:19 Gold Mining
17:14 Fishing Lines
MrDJM
1:16 Loom
12:24 Feudal Age
13:24 Double-Bit Axe
13:19 Horse Collar
13:25 Double-Bit Axe
14:36 Wheelbarrow
19:43 Castle Age
GdR_Nataniele05
5:49 Loom
8:48 Feudal Age
9:44 Double-Bit Axe
12:39 Fletching
Mandrake
6:29 Loom
9:09 Feudal Age
10:15 Horse Collar
13:19 Forging
13:33 Scale Barding Armor
Connection lost

Rejoining the realm…

Still unreachable

The connection could not be restored.

Session expired

The server has moved on; the page needs a fresh start.